 Dungeon Crawl Stone Soup version 0.14-a0-2810-g474977d (webtiles) character file.

1915 Jenx the Basher (level 8, 30/46 HPs)
             Began as a Gargoyle Abyssal Knight on Feb 23, 2014.
             Was an Elder of Lugonu.
             Quit the game on Level 6 of the Dungeon on Feb 26, 2014.
             The game lasted 00:17:46 (5365 turns).

Jenx the Basher (Gargoyle Abyssal Knight)           Turns: 5365, Time: 00:17:47

HP  30/46        AC 17     Str 17      XL: 8   Next: 94%
MP  18/18        EV  4     Int 12      God: Lugonu [****..]
Gold 311         SH  0     Dex 11      Spells:  0 memorised,  7 levels left

rFire  . . .     SeeInvis .     a - +0 flail
rCold  + . .     Clarity  .     m - +0 plate armour
rNeg   + . .     Conserve .     (no shield)
rPois  +         rCorr    .     (no helmet)
rElec  +         rRot     +     (no cloak)
SustAb . .       Spirit   .     (no gloves)
rMut   .         Warding  .     g - +0 pair of boots
Saprov . . .     Stasis   .     (no amulet)
MR     +....                    t - ring of protection from magic
                                o - ring of protection from cold

@: somewhat resistant to hostile enchantments, extremely unstealthy
A: life protection 1, electricity resistance, unbreathing, petrification
resistance, AC +5
a: Depart the Abyss, Bend Space, Banish, Corrupt, Renounce Religion


You were on level 6 of the Dungeon.
You worshipped Lugonu.
Lugonu was greatly pleased with you.
You were not hungry.

You visited 2 branches of the dungeon, and saw 7 of its levels.
You visited the Abyss 1 time.
You also visited: Sewer.

You collected 311 gold pieces.

Inventory:

Hand weapons
 a - a +0,+0 flail (weapon)
 x - a +2,+3 mace
Missiles
 p - 16 darts of frost (quivered)
Armour
 g - a +0 pair of boots (worn)
 m - a +0 plate armour (worn)
Magical devices
 G - a wand of enslavement (12)
Comestibles
 c - 5 bread rations
 w - a meat ration
Scrolls
 e - 2 scrolls of enchant weapon II
 f - 2 scrolls of enchant armour {unknown}
 q - a scroll of enchant weapon I {unknown}
 v - 2 scrolls of remove curse
 y - 2 scrolls of noise {unknown}
 C - 3 scrolls of recharging {unknown}
 D - a scroll of teleportation {unknown}
 I - a scroll of amnesia {unknown}
Jewellery
 l - an uncursed amulet of warding
 o - a ring of protection from cold (left hand)
 t - a ring of protection from magic (right hand)
Potions
 d - 3 potions of resistance
 h - 4 potions of curing
 i - 3 potions of lignification {unknown}
 j - a potion of invisibility {unknown}
 k - a potion of agility {unknown}
 n - 2 potions of heal wounds {unknown}
 s - a potion of poison {unknown}
 u - a potion of brilliance {unknown}
 z - a potion of might
 A - a potion of degeneration {unknown}
 B - 2 potions of magic {unknown}
Books
 b - a book of Wizardry

   Spells                             Type                      Level
   Summon Elemental                   Summoning                    4
   Agony                              Necromancy                   5
   Force Lance                        Conjuration                  5
   Fireball                           Conjuration/Fire             5
   Haste                              Charms                       6
   Invisibility                       Hexes                        6
 F - a book of War Chants

   Spells                             Type                      Level
   Fire Brand                         Charms/Fire                  2
   Freezing Aura                      Charms/Ice                   2
   Shroud of Golubria                 Charms/Translocation         2
   Repel Missiles                     Charms/Air                   2
   Poison Weapon                      Charms/Poison                3
   Regeneration                       Charms/Necromancy            3


   Skills:
 - Level 3.2 Fighting
 * Level 10.1 Maces & Flails
 - Level 2.1 Armour
 - Level 0.7 Dodging
 + Level 7.0 Invocations


You had 7 spell levels left.
You didn't know any spells.

Dungeon Overview and Level Annotations

Branches:
Dungeon (6/16)             Temple (1/1) D:4

Altars:
Vehumet
Xom
The Shining One

Shops:
D:4 :

Annotations:
D:3 1 exclusion
Abyss:1 Edmund, Sigmund


Innate Abilities, Weirdness & Mutations

You are resistant to torment.
You are immune to poison.
Your stone body is very resilient (AC +5).
You resist negative energy.
You are resistant to electric shocks.
You can survive without breathing.
You are immune to petrification.


Message History

H - a scroll of identify
I - a scroll labeled LAFFUF STAAFY Eat a chunk of kobold flesh? (ye/n/q/i?) This raw flesh tastes terrible.
You continue eating.
Read which item? (? for menu, Esc to quit)
Identify which item? (\ to view known items) (? for menu, Esc to quit)
As you read the scroll of identify, it crumbles to dust.
t - a ring of protection from magic (right hand) Identify which item? (\ to view known items) (? for menu, Esc to quit)
r - 3 scrolls of curse weapon Identify which item? (\ to view known items) (? for menu, Esc to quit)
d - 3 potions of resistance Drop what? (_ for help) (? for menu, Esc to quit)
You drop 3 scrolls of curse weapon.
Save game and exit?
Welcome back, Jenx the Gargoyle Abyssal Knight.
Lugonu says: Spread carnage and corruption!
Press ? for a list of commands and other information.
Are you sure you want to abandon this character and quit the game? (Confirm with "yes".)

####### #.<...#
#.....#
#.....###############
#................[..≈
#.....#############≈≈
#.....# ###########♣≈
#.....# #.........♣♣≈
#...@.# #......###≈≈≈
#.....###...)..###♣♣P
##................≈≈P
########......##≈≈PP
#...(..# ≈≈P #...(..#
♣≈≈ ####(### ≈≈≈ #(#
≈≈ #.# ≈


There were no monsters in sight!

Vanquished Creatures
  2 sky beasts (D:5)
  A giant goldfish (D:6)
  An ogre (D:5)
  2 centaurs (D:5)
  Duvessa (D:4)
  4 big kobolds (Sewer)
  Dowan (D:4)
  A crimson imp (D:5)
  3 hounds
  A worker ant (D:5)
  3 orc wizards (D:5)
  An iguana (D:5)
  10 adders
  A green rat (D:4)
  2 giant mites
  An inept feature mimic (D:4)
  A worm (D:3)
  An adder skeleton (D:4)
  5 removed MONS_GREY_RATs
  2 giant eyeballs
  2 giant geckos (D:1)
  An ooze (D:3)
  9 orcs
  2 giant cockroaches
  11 goblins
  3 green rat zombies (Sewer)
  12 hobgoblins
  7 jackals
  10 kobolds
  2 quokkas
  12 bats
  A giant cockroach zombie (D:5)
  4 giant newts
  2 hobgoblin skeletons (D:4)
  An orc skeleton (D:5)
  A quokka skeleton (D:5)
  13 rats
  2 rat zombies
  4 removed
  MONS_GREY_RAT zombies (Sewer)
143 creatures vanquished.

Vanquished Creatures (others)
  An orc warrior (D:6)
1 creature vanquished.

Grand Total: 144 creatures vanquished

Notes
Turn   | Place    | Note
--------------------------------------------------------------
     0 | Abyss:1  | Jenx, the Gargoyle Abyssal Knight, began the quest for the Orb.
     0 | Abyss:1  | Reached XP level 1. HP: 14/14 MP: 1/1
    18 | D:1      | Escaped the Abyss
   305 | D:1      | Reached XP level 2. HP: 13/19 MP: 2/2
   456 | D:1      | Acquired Lugonu's second power
   652 | D:1      | Reached XP level 3. HP: 21/23 MP: 4/4
  1127 | D:2      | Reached skill level 4 in Maces & Flails
  1300 | D:3      | Reached XP level 4. HP: 24/28 MP: 5/5
  1341 | D:3      | Acquired Lugonu's third power
  1610 | D:3      | Found a shimmering altar of Xom.
  2151 | D:4      | Reached XP level 5. HP: 29/32 MP: 6/8
  2175 | D:4      | Reached skill level 5 in Maces & Flails
  2191 | D:4      | Found a glowing drain.
  2195 | Sewer    | Entered a sewer
  2397 | Sewer    | Reached skill level 6 in Maces & Flails
  2397 | Sewer    | Reached XP level 6. HP: 28/37 MP: 8/10
  2415 | Sewer    | Acquired Lugonu's fourth power
  2512 | Sewer    | Reached XP level 7. HP: 32/41 MP: 13/13
  2748 | D:4      | Found Fraollam's Book Shoppe.
  2756 | D:4      | Found a staircase to the Ecumenical Temple.
  2773 | Temple   | Entered the Ecumenical Temple
  2943 | D:4      | Got a brightly glowing helmet
  2946 | D:4      | Identified the -6 helmet "Norchim" {Str+4 Dex+3} (You found it on level 4 of the Dungeon)
  3238 | D:4      | Noticed Duvessa
  3239 | D:4      | Noticed Dowan
  3269 | D:4      | Killed Duvessa
  3269 | D:4      | Reached skill level 7 in Maces & Flails
  3276 | D:4      | Reached skill level 5 in Invocations
  3287 | D:4      | Killed Dowan
  3622 | D:5      | Entered Level 5 of the Dungeon
  3657 | D:5      | Noticed Sigmund
  3735 | D:5      | Reached skill level 8 in Maces & Flails
  3790 | D:5      | Reached XP level 8. HP: 17/46 MP: 16/16
  3868 | D:5      | Noticed Edmund
  3872 | D:5      | Banished Edmund
  4141 | D:5      | Paralysed by a giant eyeball for 2 turns
  4149 | D:5      | Upgraded the game from 0.14-a0-2759-g5bb4bfe to 0.14-a0-2789-gc18c9f8
  4241 | D:5      | Reached skill level 9 in Maces & Flails
  4597 | D:5      | Banished Sigmund
  5015 | D:6      | Reached skill level 10 in Maces & Flails
  5365 | D:6      | Upgraded the game from 0.14-a0-2789-gc18c9f8 to 0.14-a0-2810-g474977d
  5365 | D:6      | Quit the game

Action                   |  1- 3 |  4- 6 |  7- 9 || total
-------------------------+-------+-------+-------++-------
Melee: Mace              |   101 |   172 |       ||   273
       Flail             |       |    43 |   389 ||   432
Throw: Dart              |     6 |     8 |     6 ||    20
Invok: Banish            |       |       |     5 ||     5
Evoke: Wand              |       |       |     1 ||     1
  Use: Scroll            |       |     7 |     2 ||     9
       Potion            |       |       |     2 ||     2
